 Dungeon Crawl Stone Soup version 0.19.1 (webtiles) character file.

5167 Aksej the Cleaver (level 10, -2/75 HPs)
             Began as a Demonspawn Gladiator on Dec 15, 2016.
             Was an Initiate of Qazlal.
             Slain by Dune's ghost (25 damage)
             ... on level 9 of the Dungeon.
             The game lasted 00:19:40 (7357 turns).

Aksej the Cleaver (Demonspawn Gladiator)            Turns: 7357, Time: 00:19:41

Health: -2/75      AC: 15    Str: 18    XL:     10   Next: 34%
Magic:  10/10      EV: 14    Int: 10    God:    Qazlal [......]
Gold:   379        SH:  0    Dex: 14    Spells: 0 memorised, 9 levels left

rFire  + . .     SeeInvis .     a - +1 war axe (chop)
rCold  + . .     Gourm    .     p - +0 plate armour
rNeg   + . .     Faith    .     (no shield)
rPois  .         Spirit   .     (no helmet)
rElec  .         Reflect  .     w - +1 cloak
rCorr  .         Harm     .     (no gloves)
MR     +....                    E - +0 pair of boots
Stlth  ..........               o - amulet of Qonucwif {Inacc rF+ rN+ Stlth+}
                                g - +5 ring of evasion
                                u - ring of protection from cold

@: no status effects
A: claws 2, repulsion field 1, magic resistance 1, powered by death 2, screaming
1, spiny 1
a: Renounce Religion


You were on level 9 of the Dungeon.
You worshipped Qazlal.
Qazlal was noncommittal.
You were not hungry.

You visited 2 branches of the dungeon, and saw 10 of its levels.
You also visited: Ossuary.

You collected 667 gold pieces.
You spent 288 gold pieces at shops.

Inventory:

Hand Weapons
 a - a +1 war axe of chopping (weapon)
 b - a +1 hand axe of flaming
Missiles
 A - 7 tomahawks
 H - a throwing net (quivered)
Armour
 c - a +0 helmet
 p - a +0 plate armour (worn)
 w - a +1 cloak (worn)
 E - a +0 pair of boots (worn)
Jewellery
 g - a +5 ring of evasion (right claw)
 l - an uncursed ring of resist corrosion
 o - the amulet of Qonucwif (around neck) {Inacc rF+ rN+ Stlth+}
   (You found it on level 4 of the Dungeon)

   [amulet of inaccuracy]

   It reduces the accuracy of all your attacks.
   It protects you from fire.
   It protects you from negative energy.
   It makes you more stealthy.
 u - a ring of protection from cold (left claw)
Wands
 m - a wand of iceblast (5/15)
Scrolls
 d - 2 scrolls of recharging
 j - 6 scrolls of teleportation
 k - a scroll of enchant weapon
 n - 5 scrolls of remove curse
 y - a scroll of blinking
 z - a scroll of identify
Potions
 e - 6 potions of heal wounds
 i - 8 potions of curing
 q - a potion of magic
 r - 2 potions of lignification
 v - a potion of haste
 x - 2 potions of cancellation
 B - a potion of might
 D - a potion of flight
Comestibles
 f - 11 bread rations
 h - 4 meat rations
 s - 2 slices of pizza
 t - a royal jelly
 G - 5 fruits
 I - 6 beef jerkies


   Skills:
 + Level 5.6 Fighting
 * Level 11.8 Axes
 + Level 2.5 Throwing
 + Level 5.1 Armour
 + Level 3.8 Dodging
 + Level 0.2 Evocations


You had 9 spell levels left.
You didn't know any spells.

Dungeon Overview and Level Annotations

Branches:
Dungeon (9/15)             Temple (1/1) D:7
   Lair: D:8-11         Orc: D:9-12

Altars:
Ashenzari
Cheibriados
Dithmenos
Elyvilon
Fedhas
Gozag
Hepliaklqana
Kikubaaqudgha
Makhleb
Nemelex Xobeh
Okawaru
Qazlal
Ru
Sif Muna
Trog
Uskayaw
Vehumet
Xom
Yredelemnul
Zin
The Shining One

Shops:
D:4 !

Annotations:
D:9 Dune's ghost, novice MiBe


Innate Abilities, Weirdness & Mutations

You have very sharp fingernails.
You are surrounded by a mild repulsion field. (EV +2)
You regenerate health from kills.
You are partially covered in sharp spines.
You are resistant to hostile enchantments. (MR+)
You occasionally shout uncontrollably at your foes.


Message History

Dune's ghost misses you.
You barely miss Dune's ghost.
Dune's ghost is lightly damaged.
Dune's ghost is struck by your spines. Dune's ghost hits you!
A killer bee zombie comes into view.
You hit Dune's ghost but do no damage.
Dune's ghost is lightly damaged.
The teleport trap disappears.
The killer bee zombie disappears!
You miss Dune's ghost.
Dune's ghost is lightly damaged.
Dune's ghost hits you!
You miss Dune's ghost.
Dune's ghost is lightly damaged.
Dune's ghost hits you.
You hit Dune's ghost but do no damage.
Dune's ghost is lightly damaged.
Dune's ghost hits you!!
* * * LOW HITPOINT WARNING * * *
Dune's ghost is struck by your spines. Dune's ghost hits you!!
You die...

##########
#........#
#........#
#........#
#........#
#........#
#....W@..#
..........#
..........#
.....######
...♣. .. ♣
.


You could see Dune's ghost.

Vanquished Creatures
  The ghost of cheeroque the Grappler, a novice TrCK of Xom (D:7)
  The ghost of resw the Basher, an amateur MiBe of Trog (D:4)
  Grinder (D:3)
  A hippogriff (D:7)
  Sigmund (D:2)
  A hungry ghost (D:8)
  A steam dragon (D:7)
  The ghost of lupus83 the Cudgeler, an amateur GrFi (D:3)
  2 water moccasins
  A sky beast (D:8)
  4 ice beasts
  A hornet zombie (D:8)
  5 phantoms
  2 centaurs
  8 ogres
  A bullfrog (D:7)
  3 elf skeletons (D:7)
  3 killer bees (D:8)
  A bullfrog zombie (D:5)
  3 crimson imps
  A centaur zombie (D:8)
  3 hounds
  A jelly (D:6)
  2 bullfrog skeletons
  A quasit (D:8)
  5 orc priests
  A human skeleton (D:7)
  Jessica (D:2)
  An iguana (D:5)
  Ijyb (D:3)
  6 orc wizards
  2 worker ants
  8 mummies (Ossuary)
  2 worker ant zombies
  7 adders
  4 shadow imps
  3 oozes
  3 adder zombies
  2 worms
  5 leopard geckos
  24 orcs
  A ball python (D:1)
  6 giant cockroaches
  8 goblins
  7 hobgoblins
  2 jackals (D:1)
  7 kobolds
  3 quokkas
  7 bats
  7 frilled lizards
  A giant cockroach zombie (D:6)
  2 hobgoblin zombies (Ossuary)
  A kobold zombie (Ossuary)
  A leopard gecko skeleton (D:5)
  2 orc skeletons (D:7)
  5 orc zombies (Ossuary)
  A quokka zombie (D:6)
  14 rats
200 creatures vanquished.

Notes
Turn   | Place    | Note
-------+----------+-------------------------------------------
     0 | D:1      | Aksej the Demonspawn Gladiator began the quest for the Orb.
     0 | D:1      | Reached XP level 1. HP: 16/16 MP: 1/1
   201 | D:1      | Reached skill level 3 in Axes
   226 | D:1      | Gained mutation: You are partially covered in sharp spines. [demonic ancestry]
   226 | D:1      | Reached XP level 2. HP: 22/22 MP: 2/2
   606 | D:1      | Gained mutation: You are resistant to hostile enchantments. (MR+) [potion of beneficial mutation]
   717 | D:2      | Noticed Jessica
   728 | D:2      | Killed Jessica
   728 | D:2      | Gained mutation: You are surrounded by a mild repulsion field. (EV +2) [demonic ancestry]
   728 | D:2      | Reached XP level 3. HP: 8/27 MP: 3/3
   989 | D:2      | Noticed Sigmund
   997 | D:2      | Killed Sigmund
   997 | D:2      | Reached skill level 4 in Axes
   997 | D:2      | Reached skill level 1 in Armour
   997 | D:2      | Gained mutation: You have sharp fingernails. [demonic ancestry]
   997 | D:2      | Reached XP level 4. HP: 22/34 MP: 4/4
   997 | D:2      | Gained mutation: You regenerate a little health from kills. [demonic ancestry]
   997 | D:2      | Reached XP level 5. HP: 25/39 MP: 5/5
  1188 | D:2      | Found a faded altar of an unknown god.
  1483 | D:3      | Noticed Ijyb
  1486 | D:3      | Noticed Grinder
  1491 | D:3      | Killed Ijyb
  1491 | D:3      | Reached skill level 5 in Axes
  1496 | D:3      | Noticed lupus83's ghost (amateur GrFi)
  1632 | D:3      | Gained mutation: You regenerate health from kills. [demonic ancestry]
  1632 | D:3      | Reached XP level 6. HP: 46/46 MP: 6/6
  1659 | D:3      | Killed Grinder
  1717 | D:3      | You fall through a shaft!
  1730 | D:4      | Reached skill level 6 in Axes
  1730 | D:4      | Reached XP level 7. HP: 38/52 MP: 7/7
  1889 | D:4      | Found Bexzog's Distillery.
  1915 | D:3      | Killed lupus83's ghost
  2562 | D:4      | Bought a potion of heal wounds for 60 gold pieces
  2562 | D:4      | Bought a potion of curing for 36 gold pieces
  2562 | D:4      | Bought a potion of curing for 36 gold pieces
  2562 | D:4      | Bought a potion of curing for 36 gold pieces
  2579 | D:4      | Got a smoking brass amulet
  2580 | D:4      | Identified the amulet of Qonucwif {Inacc rF+ rN+ Stlth+} (You found it on level 4 of the Dungeon)
  2662 | D:4      | Noticed resw's ghost (amateur MiBe)
  2693 | D:4      | Killed resw's ghost
  2693 | D:4      | Reached skill level 7 in Axes
  2693 | D:4      | Reached XP level 8. HP: 25/58 MP: 8/8
  3425 | D:5      | Entered Level 5 of the Dungeon
  3625 | D:5      | Reached skill level 8 in Axes
  4217 | D:5      | Reached skill level 9 in Axes
  4584 | D:6      | Reached XP level 9. HP: 65/65 MP: 9/9
  5144 | D:4      | Bought 2 potions of heal wounds for 120 gold pieces
  5367 | D:7      | Noticed cheeroque's ghost (novice TrCK)
  5399 | D:7      | Killed cheeroque's ghost
  5399 | D:7      | Reached skill level 10 in Axes
  5677 | D:7      | Found a staircase to the Ecumenical Temple.
  5735 | D:7      | Reached skill level 5 in Fighting
  5934 | D:7      | Reached skill level 11 in Axes
  5957 | D:7      | Found a sand-covered staircase.
  5969 | Ossuary  | Entered an ossuary
  6127 | Ossuary  | Gained mutation: Scrolls take you a little longer to read. [potion of mutation]
  6127 | Ossuary  | Lost mutation: Scrolls take you a little longer to read. [potion of mutation]
  6127 | Ossuary  | Gained mutation: Your muscles are strong. (Str +2) [potion of mutation]
  6128 | Ossuary  | Gained mutation: You have a pair of small horns on your head. [potion of mutation]
  6128 | Ossuary  | Gained mutation: You are frail. (-10% HP) [potion of mutation]
  6128 | Ossuary  | Gained mutation: You occasionally shout uncontrollably at your foes. [potion of mutation]
  6234 | Temple   | Entered the Ecumenical Temple
  6338 | Temple   | Became a worshipper of Qazlal Stormbringer
  6705 | D:7      | Gained mutation: You have very sharp fingernails. [demonic ancestry]
  6705 | D:7      | Reached XP level 10. HP: 62/66 MP: 10/10
  7064 | D:8      | Gained mutation: You have claws for hands. [potion of mutation]
  7064 | D:8      | Gained mutation: You are highly resistant to hostile enchantments. (MR++) [potion of mutation]
  7226 | D:8      | Lost mutation: You have claws for hands. [potion of cure mutation]
  7226 | D:8      | Lost mutation: You are frail. (-10% HP) [potion of cure mutation]
  7226 | D:8      | Lost mutation: Your muscles are strong. (Str +2) [potion of cure mutation]
  7226 | D:8      | Lost mutation: You have a pair of small horns on your head. [potion of cure mutation]
  7226 | D:8      | Lost mutation: You are highly resistant to hostile enchantments. (MR++) [potion of cure mutation]
  7310 | D:8      | Reached skill level 5 in Armour
  7350 | D:9      | Noticed Dune's ghost (novice MiBe)
  7357 | D:9      | Slain by Dune's ghost

Skill      XL: |  1  2  3  4  5  6  7  8  9 10 |
---------------+-------------------------------+-----
Axes           | 3 4 5 6 7 9 11 | 11.8
Dodging        | 3 |  3.8
Armour         | 1 2 3 4 5 |  5.1
Fighting       | 3 4 5 |  5.6
Throwing       | 2 |  2.5
Evocations     | |  0.2

Action                   |  1- 3 |  4- 6 |  7- 9 | 10-12 || total
-------------------------+-------+-------+-------+-------++-------
Melee: War axe           |    60 |    53 |   371 |   103 ||   587
       Headbutt          |       |       |     2 |    15 ||    17
Throw: Throwing net      |       |       |    14 |       ||    14
       Tomahawk          |       |       |       |     5 ||     5
Evoke: Wand              |       |       |     2 |       ||     2
  Use: Scroll            |     7 |     3 |     8 |     1 ||    19
       Potion            |     4 |       |     8 |     2 ||    14
 Stab: Held in net/web   |       |       |     3 |       ||     3
  Eat: Chunk             |       |     3 |    10 |     6 ||    19
       Pizza             |       |       |     2 |       ||     2
       Beef jerky        |       |       |     1 |       ||     1
Armor: Leather armour    |    22 |       |       |       ||    22
       Plate armour      |    23 |    21 |   147 |    46 ||   237
Dodge: Dodged            |    41 |    31 |   216 |    75 ||   363
